AoeStats
← mryendl2410

MegaRandom

509112137Analyzed
4v4 RM · 7d ago on Sep 25, 2026· 40m 53s· 8 players
Game mode
Random Map
Map size
Large (8 player)
Population
200
Speed
Normal
Resources
Standard
Victory
Conquest
Starting age
Dark Age
Ending age
Imperial Age
RankedLock teamsTeams togetherTeam positionsShared explorationLock speedFull tech treeHidden civsTurbo modeCheats
Victory
Defeat
🇻🇳 Ethiopians · Vietnam
1392
+13
🇭🇰 Mongols · Hong Kong SAR China
1391
+14
🇯🇵 Britons · Japan
1361
+15
🇻🇳 Slavs · Vietnam
1324
+16
🇹🇼 Persians · Taiwan
1371
-16
🇭🇰 Koreans · Hong Kong SAR China
1351
-15
🇹🇼 Britons · Taiwan
1311
-14
🇹🇼 Varangians · Taiwan
1304
-13
Shadow O.o
6:16 Loom
9:32 Feudal Age
10:01 Double-Bit Axe
20:21 Castle Age
18:13 Horse Collar
19:43 Bloodlines
19:46 Forging
22:37 Bow Saw
22:31 Husbandry
25:17 Scale Barding Armor
27:21 Wheelbarrow
27:26 Gold Mining
33:53 Imperial Age
32:31 Chain Barding Armor
32:13 Heavy Plow
33:12 Hand Cart
33:27 Stone Mining
34:14 Hand Cart
34:14 Town Watch
35:41 Stone Shaft Mining
35:33 Elite Steppe Lancer
37:01 Iron Casting
39:07 Blast Furnace
40:26 Conscription
mryendl2410
7:27 Loom
10:02 Feudal Age
16:32 Fletching
18:21 Padded Archer Armor
19:04 Gold Mining
23:38 Castle Age
22:57 Double-Bit Axe
22:54 Horse Collar
24:16 Bodkin Arrow
23:42 Crossbowman
26:26 Wheelbarrow
26:21 Ballistics
36:11 Imperial Age
36:05 Thumb Ring
37:06 Leather Archer Armor
37:08 Bracer
38:12 Chemistry
37:16 Arbalester
40:07 Heavy Plow
40:18 Bow Saw
40:45 Gold Shaft Mining
piecardinap
8:40 Loom
11:23 Feudal Age
12:07 Double-Bit Axe
13:32 Scale Barding Armor
14:16 Horse Collar
19:39 Bloodlines
23:03 Castle Age
21:23 Gold Mining
24:15 Bow Saw
24:07 Heavy Plow
26:21 Wheelbarrow
28:44 Chain Barding Armor
29:49 Stone Mining
32:39 Forging
32:31 Husbandry
33:20 Gold Shaft Mining
35:58 Imperial Age
34:19 Iron Casting
36:02 Cavalier
37:53 Plate Barding Armor
37:59 Hand Cart
40:55 Blast Furnace
41:41 Conscription
41:22 Detinets
grifon_5th
10:20 Feudal Age
14:12 Castle Age
11:59 Double-Bit Axe
13:51 Fletching
13:56 Gold Mining
13:47 Horse Collar
19:05 Crossbowman
22:00 Bodkin Arrow
22:06 Padded Archer Armor
25:25 Wheelbarrow
24:38 Loom
25:30 Town Watch
26:26 Hand Cart
26:27 Heavy Plow
29:06 Bow Saw
28:50 Stone Mining
30:19 Ballistics
34:10 Imperial Age
33:12 Leather Archer Armor
32:46 Treadmill Crane
33:16 Masonry
34:22 Arbalester
36:07 Chemistry
36:18 Yeomen
36:30 Bracer
36:56 Conscription
37:13 Elite Longbowman
39:54 Warwolf
41:01 Siege Engineers
41:27 Architecture
40:53 Murder Holes
41:09 Fortified Wall
41:51 Hoardings
kenchen
11:26 Feudal Age
11:48 Loom
15:59 Castle Age
19:55 Double-Bit Axe
22:23 Wheelbarrow
23:30 Stone Mining
23:30 Gold Mining
25:08 Fletching
26:13 Bodkin Arrow
31:11 Bow Saw
30:43 Horse Collar
31:46 Heavy Plow
32:12 Forging
33:35 Iron Casting
36:26 Scale Barding Armor
36:30 Husbandry
36:45 Bloodlines
41:53 Imperial Age
Sasankuros
10:53 Feudal Age
9:33 Loom
11:18 Horse Collar
11:27 Double-Bit Axe
16:40 Forging
16:36 Scale Barding Armor
22:26 Castle Age
22:37 Fletching
23:34 Light Cavalry
26:52 Elite Skirmisher
28:12 Gold Mining
28:40 Bow Saw
29:45 Padded Archer Armor
29:41 Bodkin Arrow
30:32 Heavy Plow
31:23 Stone Mining
31:58 Ballistics
34:17 Yeomen
39:15 Imperial Age
36:50 Treadmill Crane
BILLLLLLLYYY
4:12 Loom
12:45 Feudal Age
16:13 Double-Bit Axe
18:34 Castle Age
16:48 Horse Collar
20:48 Wheelbarrow
22:10 Bow Saw
24:49 Heavy Plow
27:00 Stone Mining
27:07 Fletching
28:12 Bodkin Arrow
28:10 Town Watch
28:49 Hand Cart
30:42 Elite Skirmisher
32:04 Town Patrol
36:03 Imperial Age
35:02 Scale Mail Armor
34:52 Pikeman
36:04 Gold Mining
37:16 Chain Mail Armor
37:02 Bracer
37:36 Ballistics
37:40 Halberdier
38:20 Squires
38:51 Plate Mail Armor
39:19 Forging
39:52 Gold Shaft Mining
40:21 Two-Man Saw
40:41 Chemistry
39:48 Siege Engineers
40:01 Eupseong
40:21 Conscription
40:44 Stone Shaft Mining
z3qc7i0oc5s1k
3:11 Loom
18:46 Feudal Age
24:25 Castle Age
23:19 Fletching
25:33 Bodkin Arrow
38:39 Double-Bit Axe
Connection lost

Rejoining the realm…

Still unreachable

The connection could not be restored.

Session expired

The server has moved on; the page needs a fresh start.